 Dungeon Crawl Stone Soup version 0.17-a0-1996-gd2c0ec8 (webtiles) character file.

189 SlimeFever the Insei (level 5, -16/40 HPs)
             Began as a Draconian Transmuter on Oct 7, 2015.
             Killed from afar by Purgy (28 damage)
             ... with an exploding inner flame
             ... hexed by the player character
             ... in a sewer.
             The game lasted 00:20:44 (2506 turns).

SlimeFever the Insei (Draconian Transmuter)         Turns: 2506, Time: 00:20:44

Health: -16/40     AC:  2    Str: 12    XL:     5   Next: 40%
Magic:  2/9        EV: 21    Int: 17    God:
Gold:   38         SH:  0    Dex: 17    Spells: 3 memorised, 0 levels left

rFire  . . .     SeeInvis .       - Unarmed
rCold  . . .     Clarity  .     (armour unavailable)
rNeg   . . .     SustAt   .     (shield currently unavailable)
rPois  x         Gourm    .     (helmet currently unavailable)
rElec  .         Spirit   .     (cloak currently unavailable)
rCorr  .         Warding  .     (gloves currently unavailable)
rMut   .         Stasis   .     (boots currently unavailable)
MR     .....                    (no amulet)
Stlth  ++........               (no ring)
                                h - +3 ring of intelligence

@: spider-form (expiring), very slightly contaminated, invisible, not resistant
to hostile enchantments, unstealthy
A: unfitting armour, (cold-blooded), AC +5
a: End Transformation


You were in a sewer.
You were near starving.
You were a venomous arachnid creature.
You visited 1 branch of the dungeon, and saw 3 of its levels.
You also visited: Sewer.

You collected 38 gold pieces.

Inventory:

Missiles
 a - 12 arrows
Armour
 i - a +2 cloak (melded)
Jewellery
 h - a +3 ring of intelligence (left front leg)
Potions
 d - 2 potions of invisibility
 e - a potion of degeneration {unknown}
 g - a potion of brilliance
 j - a potion of curing {unknown}
 l - a potion of cancellation {unknown}
 m - a potion of haste {unknown}
Books
 b - a book of Changes

   Spells                             Type                      Level
   a - Beastly Appendage              Transmutation                1
   b - Sticks to Snakes               Transmutation                2
   c - Spider Form                    Transmutation/Poison         3
   d - Ice Form                       Ice/Transmutation            4
   e - Blade Hands                    Transmutation                5


   Skills:
 + Level 1.5 Fighting
 * Level 3.1 Dodging
 + Level 0.4 Stealth
 * Level 4.1 Unarmed Combat
 + Level 2.7 Spellcasting
 * Level 3.0 Transmutations
 + Level 0.2 Poison Magic


You couldn't memorise any spells.
You knew the following spells:

 Your Spells              Type           Power        Failure   Level  Hunger
a - Beastly Appendage     Trmt           ##....       17%         1    #......
b - Spider Form           Trmt/Pois      #.........   52%         3    ###....
c - Blade Hands           Trmt           ##........   99%         5    ######.


Dungeon Overview and Level Annotations

Branches:
Dungeon (3/15)

Altars:


Innate Abilities, Weirdness & Mutations

((Your plain brown scales are hard (AC +5).))
Your body does not fit into most forms of armour.
((You are cold-blooded and may be slowed by cold attacks.))


Message History

Purgy is severely wounded.
Purgy completely misses you. Purgy closely misses you.
Purgy closely misses you.
You closely miss Purgy.
Purgy is severely wounded.
Purgy bites you.
* * * LOW HITPOINT WARNING * * *
Purgy misses you. x2
You bite Purgy!
Purgy looks even sicker.
Purgy is almost dead.
Purgy misses you. x2
Purgy closely misses you.
You closely miss Purgy.
Purgy is almost dead.
Purgy misses you. Purgy completely misses you. Purgy misses you.
You bite Purgy!
Purgy explodes!
The fiery explosion engulfs you!
Ouch! That really hurt!
You die...

### #.# #.# #∩#
#s# #§# #§#
####### #.#
##.....## #.#
#...≈...## #.#
.†.≈≈≈...#######.#
∩†≈≈≈≈≈..........#
.††≈≈≈...#######.#


There were no monsters in sight!

Vanquished Creatures
  Crazy Yiuf (D:2)
  Ijyb (D:2)
  Robin (D:2)
  A gnoll (D:1)
  3 adders
  An ooze (D:3)
  2 worms (D:2)
  2 giant geckos
  4 giant cockroaches
  12 hobgoblins
  5 jackals
  13 bats
  7 giant newts
  10 goblins
  6 kobolds
  5 rats
74 creatures vanquished.

Notes
Turn   | Place    | Note
--------------------------------------------------------------
     0 | D:1      | SlimeFever the Draconian Transmuter began the quest for the Orb.
     0 | D:1      | Reached XP level 1. HP: 16/16 MP: 3/3
   360 | D:1      | Reached XP level 2. HP: 20/23 MP: 3/5
   564 | D:1      | Reached XP level 3. HP: 15/28 MP: 4/6
   570 | D:1      | Learned a level 3 spell: Spider Form
  1170 | D:2      | Noticed Ijyb
  1215 | D:2      | Killed Ijyb
  1215 | D:2      | Reached XP level 4. HP: 21/35 MP: 2/7
  1409 | D:2      | Noticed Crazy Yiuf
  1561 | D:2      | Noticed Robin
  1566 | D:2      | Killed Robin
  1617 | D:2      | Reached skill level 4 in Unarmed Combat
  2106 | D:2      | Killed Crazy Yiuf
  2106 | D:2      | Reached XP level 5. HP: 22/40 MP: 4/8
  2421 | D:3      | Found a glowing drain.
  2425 | Sewer    | Entered a sewer
  2459 | Sewer    | Learned a level 5 spell: Blade Hands
  2482 | Sewer    | Noticed Purgy
  2506 | Sewer    | Killed Purgy
  2506 | Sewer    | Killed from afar by Purgy

Vault maps used:
D:1:      dpeg_arrival_round_a, serial_park_tiny_2, roderic_aztec_sauvastika
D:2:      serial_bayou_ford_a, minmay_misc_feat_iff, nrook_loot_triangle,
          st_stairs_11, kennysheep_generic_room_13, uniq_crazy_yiuf_cottage,
          uniq_robin, uniq_iyjb
D:3:      gup_sewer_entry_bowl, xom_redecorated
Sewer:    sewer_big_baddie

Action                   |  1- 3 |  4- 6 || total
-------------------------+-------+-------++-------
Melee: Unarmed           |   123 |   175 ||   298
 Cast: Beastly Appendage |    12 |     5 ||    17
       Spider Form       |     2 |     8 ||    10
  Use: Scroll            |     3 |     4 ||     7
       Potion            |       |     1 ||     1
 Stab: Invisible         |       |     1 ||     1
       Sleeping          |       |     1 ||     1
  Eat: Beef jerky        |     1 |       ||     1
       Bread ration      |       |     1 ||     1
